Cogmind - Beta 14 @@@ ROGUE MODE // 2024.08.12 @ 23:57:31 Player: dorusv Result: Destroyed by H-55 Commando with Assault Rifle Performance ------------- Evolutions (3) 1500 Regions Visited (7) 1400 Robots Destroyed (27) 135 Value Destroyed (572) 572 Prototype IDs (24) 480 Alien Tech Used (0) 0 Bonus (500) 500 TOTAL SCORE: 4587 Bonus ------- Pacifist 200 Aligned with FarCom 300 Cogmind --------- Core Integrity 0/700 Matter 191/300 Energy 99/100 System Corruption 2% Temperature Cool (0) Movement Core (150) Ox2 Location -7/Factory Parts ------- > --- POWER (2) -------- (None) > --- PROPULSION (3) --- (None) > --- UTILITY (4) ------ Improved Signal Interpreter > --- WEAPON (4) ------- Gauss Cannon > --- INVENTORY (5) ---- (None) Peak State ------------ > --- POWER ------------ Light Nuclear Core > --- PROPULSION ------- Potential Leg Potential Leg > --- UTILITY ---------- Small Storage Unit Superbattery 0b10 Alert Chip Reaction Control System > --- WEAPON ----------- Beam Rifle Heavy Particle Gun EM Pulse Cannon > --- INVENTORY -------- Light Deuterium Engine Sensor Array Improved Signal Interpreter [Rating: 52] Favorites ----------- Power Ion Engine Engine Ion Engine Power Core Light Nuclear Core Propulsion Flight Unit Leg Potential Leg Wheel Compact Wheel Flight Unit Flight Unit Utility Small Storage Unit Device Reaction Control System Storage Small Storage Unit Processor 0b10 Alert Chip Protection Light Armor Plating Weapon Medium Laser Energy Gun Medium Laser Energy Cannon EM Pulse Cannon Ballistic Gun Flak Gun Ballistic Cannon Light Cannon Build | -11 -10 -9 -9 -9 -8 -8 -7 ------- Run | Yrd Mat Mat Min Exi Min Mat Fac Slots Evolved 6 | . . 2 . . . 2 2 Power 1 | . . . . . . . 1 Propulsion 1 | . . . . . . . 1 Utility 2 | . . 2 . . . . . Weapon 2 | . . . . . . 2 . Parts Attached 35 | 6 1 . 9 4 2 7 6 Power 4 | 1 . . 1 . 1 . 1 Engine 3 | 1 . . 1 . . . 1 Core 1 | . . . . . 1 . . Reactor . | . . . . . . . . Propulsion 8 | 2 . . 3 2 . . 1 Treads . | . . . . . . . . Leg 3 | . . . . 2 . . 1 Wheel 2 | 2 . . . . . . . Hover . | . . . . . . . . Flight 3 | . . . 3 . . . . Utility 10 | 1 . . 3 2 1 1 2 Device 2 | . . . . . . 1 1 Storage 5 | 1 . . 2 1 1 . . Processor 2 | . . . . 1 . . 1 Hackware . | . . . . . . . . Protection 1 | . . . 1 . . . . Artifact . | . . . . . . . . Weapon 13 | 2 1 . 2 . . 6 2 Energy Gun 7 | 2 . . 2 . . 3 . Energy Cannon 2 | . . . . . . 1 1 Ballistic Gun 2 | . . . . . . 2 . Ballistic Cannon 2 | . 1 . . . . . 1 Launcher . | . . . . . . . . Special Weapon . | . . . . . . . . Impact Weapon . | . . . . . . . . Slashing Weapon . | . . . . . . . . Piercing Weapon . | . . . . . . . . Special Melee Weapon . | . . . . . . . . Unidentified Prototypes 1 | . . . . . . 1 . Parts Lost 23 | . . 3 1 . 4 8 7 Power 4 | . . 1 . . 1 1 1 Propulsion 6 | . . 2 1 . . 1 2 Utility 5 | . . . . . 1 3 1 Weapon 8 | . . . . . 2 3 3 Highest Loss Streak 7 | . . 3 1 . 3 3 7 To Critical Strikes 1 | . . . . . . 1 . Average Slot Usage (%) 78 | . 84 62 80 89 72 70 31 Engine 8 | . 14 11 10 11 1 . 2 Core 1 | . . . . . 9 6 . Leg 5 | . . . . 3 22 17 9 Wheel 1 | . 28 20 . . . . . Flight 10 | . . . 10 18 . . . Storage 21 | . 14 11 28 22 19 17 . Processor 2 | . . . . 1 11 6 4 Protection 7 | . . . 10 11 1 . . Energy Gun 17 | . 14 11 21 22 8 12 . Peak Build Rating 52 | 6 6 6 12 42 42 52 28 Average Rating 17 | 4 5 5 9 13 40 44 18 On Entrance 15 | . 6 6 2 9 42 40 18 Naked Turns . | . . . . . . . . Heaviest Build 27 | 14 15 15 22 25 22 27 14 Greatest Support 60 | 32 32 32 8 60 60 60 47 Greatest Overweight (x) 7 | 1 . 3 7 2 . . 2 Average Overweight (x) 1 | . . . 3 1 . . . Largest Inventory Capacity 8 | 8 8 8 8 8 8 8 5 Average Capacity 7 | 7 8 8 8 8 7 7 5 Most Carried 3 | 1 2 2 2 2 1 3 3 Average Carried . | . 1 2 . . . 2 1 Final Capacity 8 | 8 8 8 8 8 8 5 5 Final Carried 3 | 1 2 2 . . . 3 . Class Distribution -------------------- 96% | Mutant 3% | Skirmisher Dominant Class ---------------- Mutant | -10/Materials Mutant | -9/Materials Mutant | -9/Mines Mutant | -9/Exiles Mutant | -8/Mines Mutant | -8/Materials Mutant | -7/Factory Resources | -11 -10 -9 -9 -9 -8 -8 -7 ----------- Run | Yrd Mat Mat Min Exi Min Mat Fac Matter Collected 433 | 209 2 . 127 . 45 50 . Remotely . | . . . . . . . . Salvage Created 678 | . . . 136 . 93 408 41 Parts 63 | . . . 16 . 5 41 1 Haulers Intercepted . | . . . . . . . . Recyclers Shooed 1 | . . . . . . 1 . Parts Field Recycled . | . . . . . . . . Retrieved Matter . | . . . . . . . . Parts Self-Destructed . | . . . . . . . . Prevented . | . . . . . . . . Kills | -11 -10 -9 -9 -9 -8 -8 -7 ------- Run | Yrd Mat Mat Min Exi Min Mat Fac Combat Hostiles Destroyed 20 | . . . 9 . 4 6 1 Guns 17 | . . . 9 . 3 5 . Cannons 2 | . . . . . . 1 1 Classes Destroyed 10 | . . . 3 . 1 5 1 Builder 3 | . . . . . . 3 . Recycler 1 | . . . . . . 1 . Operator 1 | . . . . . . 1 . Watcher 2 | . . . . . . 2 . Swarmer 12 | . . . 7 . 3 2 . Grunt 1 | . . . 1 . . . . Brawler 1 | . . . 1 . . . . Sentry 4 | . . . . . . 4 . Hunter 1 | . . . . . 1 . . Programmer 1 | . . . . . . . 1 Best Kill Streak 5 | . . . 4 . 3 5 1 Combat Bots Only 4 | . . . 4 . 3 2 1 Max Kills in Single Turn 4 | . . . 2 . 1 4 1 Gunslinging 1 | . . . 1 . . . . Exploded . | . . . . . . . . Melee . | . . . . . . . . Uniques/NPCs Destroyed . | . . . . . . . . Combat | -11 -10 -9 -9 -9 -8 -8 -7 -------- Run | Yrd Mat Mat Min Exi Min Mat Fac Hostile Shots Fired 400 | . 4 32 40 . 48 157 119 Missed 115 | . 1 6 12 . 12 46 38 Damage Taken 4167 | . 35 369 225 . 462 1740 1336 Core 1460 | . 11 125 89 . 102 420 713 Absorbed by Shields . | . . . . . . . . Core Remaining (%) 59 | 100 95 . . . 21 23 . Volleys Fired 75 | . 3 . 17 . 20 26 9 Largest 3 | . 2 . 2 . 2 3 2 Hottest 174 | . 85 . 115 . 115 174 69 Shots Fired 124 | . 6 . 32 . 31 44 11 Gun 106 | . 3 . 32 . 31 34 6 Cannon 18 | . 3 . . . . 10 5 Launcher . | . . . . . . . . Special . | . . . . . . . . Kinetic 17 | . 3 . . . . 4 10 Thermal 96 | . 3 . 32 . 31 30 . Explosive . | . . . . . . . . Electromagnetic 11 | . . . . . . 10 1 Robot Hit Streak 12 | . 1 . 6 . 8 12 4 Robot Miss Streak 10 | . 2 . 10 . 4 2 7 Penetration Max . | . . . . . . . . Secondary Targets 3 | . . . 2 . . 1 . Max Gunslinging Chain 1 | . . . 1 . . 1 . Shots Hit Robots 73 | . 1 . 23 . 14 26 9 Core Hits 50 | . . . 20 . 6 17 7 Critical Kills . | . . . . . . . . Critical Parts Destroyed . | . . . . . . . . Critical Strikes 4 | . . . 1 . 2 1 . Burn 4 | . . . 1 . 2 1 . Melee Attacks . | . . . . . . . . Impact . | . . . . . . . . Slashing . | . . . . . . . . Piercing . | . . . . . . . . Sneak Attacks . | . . . . . . . . Combat Hostiles . | . . . . . . . . Follow-up Attacks . | . . . . . . . . Damage Inflicted 1490 | . 18 23 285 . 161 842 161 Guns 868 | . . . 285 . 154 383 46 Cannons 278 | . 18 . . . . 145 115 Explosions 223 | . . . . . . 223 . Melee . | . . . . . . . . Ramming 121 | . . 23 . . 7 91 . Kinetic 173 | . 18 . . . . 22 133 Thermal 1023 | . . . 285 . 154 584 . Explosive . | . . . . . . . . Electromagnetic 173 | . . . . . . 145 28 Impact . | . . . . . . . . Slashing . | . . . . . . . . Piercing . | . . . . . . . . Highest Corruption 2 | . . . . . . 1 2 Average Corruption 1 | . . . . . . 1 1 Corruption Purged . | . . . . . . . . Corruption Blocked . | . . . . . . . . Effects 1 | . . . . . . . 1 Energy Discharges 1 | . . . . . . . 1 Overload Shots . | . . . . . . . . Overflow Damage 1 | . . . . . . 1 . Projectiles . | . . . . . . . . Explosions . | . . . . . . . . Melee 1 | . . . . . . 1 . Knockbacks 4 | . 1 . . . . 1 2 Impact 1 | . . . . . . 1 . Kinetic 3 | . 1 . . . . . 2 Secondary . | . . . . . . . . Self-Inflicted Damage 42 | . . 11 . . . 31 . Shots 1 | . . . . . . 1 . Rammed 5 | . . 5 . . . . . Targets Rammed 19 | . . 5 . . 1 13 . Kicked 14 | . . . . . 1 13 . Crushed . | . . . . . . . . Highest Temperature 451 | . 72 . 344 . 451 362 14 Average Temperature 138 | . 38 . 154 . 192 99 9 Received Heat Transfer 1029 | . 18 144 6 . . 837 24 Effects 3 | . . . 1 . 1 1 . Shutdowns 1 | . . . . . 1 . . Interference 1 | . . . 1 . . . . Short Circuit 1 | . . . . . . 1 . Siege Activations . | . . . . . . . . Robots Corrupted 1 | . . . . . . 1 . Combat Hostiles . | . . . . . . . . Parts Fried 1 | . . . . . . 1 . Impact Corruptions 1 | . . . . . . 1 . Robots Melted 1 | . . . . . 1 . . Combat Hostiles 1 | . . . . . 1 . . Parts Melted 3 | . . . 1 . . 2 . Heat Transferred 2384 | . . . 639 . 531 1214 . Parts Sabotaged . | . . . . . . . . Parts Stolen . | . . . . . . . . Parts Stripped . | . . . . . . . . Power Chain Reactions 2 | . . . . . . 2 . Alert | -11 -10 -9 -9 -9 -8 -8 -7 ------- Run | Yrd Mat Mat Min Exi Min Mat Fac Peak Influence 254 | . 30 32 90 . 94 254 39 Initial 24 | . . 12 . . . . 24 Average 47 | . 12 16 38 . 66 101 21 Maximum Alert Level 1 | . . . . . . 1 . Low Security (%) 97 | 100 100 100 100 . 100 82 100 Level 1 2 | . . . . . . 17 . Level 2 . | . . . . . . . . Level 3 . | . . . . . . . . Level 4 . | . . . . . . . . Level 5 . | . . . . . . . . High Security . | . . . . . . . . Max Security . | . . . . . . . . Squads Dispatched 5 | . . 1 . . . 2 2 Investigation 4 | . . 1 . . . 2 1 Extermination . | . . . . . . . . Reinforcement . | . . . . . . . . Assault . | . . . . . . . . Garrison 1 | . . . . . . . 1 Intercept . | . . . . . . . . Searches Triggered . | . . . . . . . . Construction Impeded . | . . . . . . . . Haulers Reinforced . | . . . . . . . . Active Scanning Responses . | . . . . . . . . Cargo Convoy Interrupts . | . . . . . . . . Stealth | -11 -10 -9 -9 -9 -8 -8 -7 --------- Run | Yrd Mat Mat Min Exi Min Mat Fac Distress Signals 3 | . . . . . . 3 . Communications Jammed . | . . . . . . . . Distress Signals . | . . . . . . . . Times Spotted 55 | . 5 7 9 . 5 23 6 Peak Tracking Total 9 | . 4 8 4 . 3 9 5 Tactical Retreats 6 | . . . . . 1 4 1 Traps | -11 -10 -9 -9 -9 -8 -8 -7 ------- Run | Yrd Mat Mat Min Exi Min Mat Fac Traps Triggered 1 | . . . . . . 1 . Indirectly . | . . . . . . . . Trap Hack Attempts . | . . . . . . . . Triggered . | . . . . . . . . Disarmed . | . . . . . . . . Reprogrammed . | . . . . . . . . Reused . | . . . . . . . . Traps Extracted . | . . . . . . . . Installed . | . . . . . . . . Triggered . | . . . . . . . . Machines | -11 -10 -9 -9 -9 -8 -8 -7 ---------- Run | Yrd Mat Mat Min Exi Min Mat Fac Machines Disabled . | . . . . . . . . Max in Single Turn . | . . . . . . . . Machines Repaired . | . . . . . . . . Machines Dismantled . | . . . . . . . . Machines Sabotaged . | . . . . . . . . Overloaded Fab Kills . | . . . . . . . . Hacking | -11 -10 -9 -9 -9 -8 -8 -7 --------- Run | Yrd Mat Mat Min Exi Min Mat Fac Machines Accessed 9 | . . 1 . 5 . 2 1 Terminals 3 | . . 1 . . . 2 . Fabricators 1 | . . . . . . . 1 Repair Stations . | . . . . . . . . Recycling Units . | . . . . . . . . Scanalyzers . | . . . . . . . . Garrison Access . | . . . . . . . . Total Hacks 62 | . . 3 . 50 . 7 2 Successful 58 | . . 1 . 50 . 7 . Failed 4 | . . 2 . . . . 2 Catastrophic 1 | . . . . . . . 1 Database Lockouts . | . . . . . . . . Manual 2 | . . . . 2 . . . Terminals 10 | . . 3 . . . 7 . Fabricators 2 | . . . . . . . 2 Repair Stations . | . . . . . . . . Recycling Units . | . . . . . . . . Scanalyzers . | . . . . . . . . Garrison Access . | . . . . . . . . Terminal Hacks 58 | . . 1 . 50 . 7 . Record 54 | . . . . 49 . 5 . Locate Traps 1 | . . . . . . 1 . Reinforcement Status 1 | . . 1 . . . . . Zone Layout 1 | . . . . . . 1 . Derelict Proto ID Bank 1 | . . . . 1 . . . Fabricator Hacks . | . . . . . . . . Repair Station Hacks . | . . . . . . . . Recycling Unit Hacks . | . . . . . . . . Scanalyzer . | . . . . . . . . Garrison Access Hacks . | . . . . . . . . Unauthorized Hacks . | . . . . . . . . Terminals . | . . . . . . . . Fabricators . | . . . . . . . . Repair Stations . | . . . . . . . . Recycling Units . | . . . . . . . . Scanalyzers . | . . . . . . . . Garrison Access . | . . . . . . . . Data Cores Recovered 1 | . . . . . . 1 . Used . | . . . . . . . . Hacking Detections 4 | . . 1 . . . 2 1 Full Trace Events 4 | . . 1 . . . 2 1 Feedback Events 1 | . . . . . . 1 . Corruption 1 | . . . . . . 1 . Feedback Blocked . | . . . . . . . . Robot Schematics Acquired . | . . . . . . . . Robots Built . | . . . . . . . . Authchips . | . . . . . . . . Time . | . . . . . . . . Total Robot Build Rating . | . . . . . . . . Part Schematics Acquired . | . . . . . . . . Parts Built . | . . . . . . . . Authchips . | . . . . . . . . Time . | . . . . . . . . Total Part Build Rating . | . . . . . . . . Parts Repaired . | . . . . . . . . Time . | . . . . . . . . Parts Recycled . | . . . . . . . . Recycled Matter . | . . . . . . . . Retrieved Matter . | . . . . . . . . Retrieved Components . | . . . . . . . . Parts Scanalyzed . | . . . . . . . . Part Schematics Acquired . | . . . . . . . . Parts Damaged . | . . . . . . . . Bothacking | -11 -10 -9 -9 -9 -8 -8 -7 ------------ Run | Yrd Mat Mat Min Exi Min Mat Fac Used RIF Installer . | . . . . . . . . Robots Hacked . | . . . . . . . . Non-combat . | . . . . . . . . Combat . | . . . . . . . . Robot Hacks Applied . | . . . . . . . . Relay Couplers Released . | . . . . . . . . Fabnet Peak Effective % . | . . . . . . . . Robots Rewired . | . . . . . . . . Allies Hacked . | . . . . . . . . Hacks Repelled . | . . . . . . . . Allies | -11 -10 -9 -9 -9 -8 -8 -7 -------- Run | Yrd Mat Mat Min Exi Min Mat Fac Total Allies . | . . . . . . . . Largest Group . | . . . . . . . . Highest-Rated Group . | . . . . . . . . Highest-Rated Ally . | . . . . . . . . Total Orders . | . . . . . . . . Ally Attacks . | . . . . . . . . Total Damage . | . . . . . . . . Kills . | . . . . . . . . Allies Corrupted . | . . . . . . . . Allies Melted . | . . . . . . . . Intel | -11 -10 -9 -9 -9 -8 -8 -7 ------- Run | Yrd Mat Mat Min Exi Min Mat Fac Robot Analysis Total . | . . . . . . . . Derelict Logs Recovered 1 | . . . 1 . . . . Drone Launches . | . . . . . . . . Drone Recoveries . | . . . . . . . . Exploration | -11 -10 -9 -9 -9 -8 -8 -7 ------------- Run | Yrd Mat Mat Min Exi Min Mat Fac Turns Passed 4210 | 82 176 124 1362 1443 403 428 192 Spaces Moved 2653 | 78 166 117 527 846 387 373 159 Core 258 | 12 . 4 204 . . . 38 Treads . | . . . . . . . . Legs 1098 | . . . . 217 387 373 121 Wheels 345 | 66 166 113 . . . . . Hover . | . . . . . . . . Flight 952 | . . . 323 629 . . . Fastest Speed 50 | 50 100 100 150 90 90 90 50 Average Speed 148 | 93 100 102 246 169 90 90 103 Slowest Speed 440 | 100 100 200 440 197 90 90 150 Overloaded Moves . | . . . . . . . . Propulsion Burnouts . | . . . . . . . . Robots Hopped . | . . . . . . . . Cave-ins Triggered . | . . . . . . . . Exploration Rate (%) 36 | 4 21 13 67 94 58 33 3 Regions Visited 7 Branch Regions 3 Pre-discovered Areas 2 | . . . 1 1 . . . Known Exits Taken 1 | . . . . . . 1 . Unknown Exits Taken 6 | 1 1 1 1 1 1 . . Scrap Searched 1 | . . . 1 . . . . Spaces Dug . | . . . . . . . . Terrain Destroyed 4 | . . . . . . 4 . Melee . | . . . . . . . . Projectile . | . . . . . . . . AOE 4 | . . . . . . 4 . Terrain Rammed . | . . . . . . . . Walls Destroyed . | . . . . . . . . Machines Disabled . | . . . . . . . . Actions | -11 -10 -9 -9 -9 -8 -8 -7 --------- Run | Yrd Mat Mat Min Exi Min Mat Fac Total 2791 | 84 170 121 555 855 410 422 174 Wait . | . . . . . . . . Move 2646 | 77 165 116 526 845 386 372 159 Hop . | . . . . . . . . Pick Up 4 | 1 . . . . . 3 . Fast Attach 28 | 6 1 . 7 4 1 6 3 Attach 6 | . . . 1 . 1 1 3 Detach 7 | . 1 . 1 3 1 1 . Swap 1 | . . . 1 . . . . Drop 5 | . . . 2 3 . . . Fire 75 | . 3 . 17 . 20 26 9 Melee . | . . . . . . . . Ram 5 | . . 5 . . . . . Kick 14 | . . . . . 1 13 . Crush . | . . . . . . . . Escape Stasis . | . . . . . . . . Rewire . | . . . . . . . . Trap . | . . . . . . . . Miscellaneous . | . . . . . . . . Route ------- -11/Scrapyard -10/Materials -9/Materials -9/Mines (discovered 3 exits: *Mat x2 / *Exi) -9/Exiles (discovered 2 exits: [*Min x2]) -8/Mines -8/Materials (discovered 3 exits: *Fac x2 / *Sto) -7/Factory History --------- Turn | Location | Event 33 | -11/Scrapyard | Discovered new exit (range 16) 83 | -11/Scrapyard | Entered Materials 244 | -10/Materials | Discovered new exit (range 7) 259 | -10/Materials | Entered another Materials area 259 | -9/Materials | Evolved 2 slots: Utility x2 301 | -9/Materials | Build established: Mutant 373 | -9/Materials | Discovered new exit (range 7) 383 | -9/Materials | Entered Mines 411 | -9/Mines | Lost 3 parts (1p2n) 622 | -9/Mines | Learned 8 Materials zone layouts 830 | -9/Mines | Found a hidden stash of uninstalled traps 1213 | -9/Mines | Core integrity fell below 50% 1272 | -9/Mines | Discovered new exit (range 12) 1471 | -9/Mines | Discovered new exit (range 8) 1667 | -9/Mines | Learned location of Storage (-8) 1731 | -9/Mines | Deemed a non-threat by the Exiles lab entrance 1733 | -9/Mines | Discovered new exit (range 5) 1745 | -9/Mines | Entered Exiles 1797 | -9/Exiles | Discovered new exit (range 15) 1887 | -9/Exiles | Met 8R-AWN 1942 | -9/Exiles | Met EX-HEX 2021 | -9/Exiles | Met EX-DEC 2075 | -9/Exiles | Visited The Gauntlet 2405 | -9/Exiles | Learned location of Zion (-6) 2520 | -9/Exiles | Discovered new exit (range 12) 2701 | -9/Exiles | Met EX-BIN 2797 | -9/Exiles | Aligned with FarCom system 2799 | -9/Exiles | Given EX-Vault access code 2969 | -9/Exiles | Opened EX-Vault 2986 | -9/Exiles | Found Potential Leg 2988 | -9/Exiles | Found Potential Leg 2995 | -9/Exiles | Found Superbattery 3001 | -9/Exiles | Found 0b10 Alert Chip 3020 | -9/Exiles | Warned to stay clear of 0b10 Research branches 3188 | -9/Exiles | Stole three prototypes: Potential Leg, Superbattery, 0b10 Alert Chip 3188 | -9/Exiles | Entered Mines 3273 | -8/Mines | Lost 3 parts (1p1u1w) 3582 | -8/Mines | Discovered new exit (range 8) 3591 | -8/Mines | Entered Materials 3591 | -8/Materials | Evolved 2 slots: Weapon x2 3592 | -8/Materials | Identified exit to Factory 3592 | -8/Materials | Identified exit to Storage 3906 | -8/Materials | Lost 3 parts (2u1w) 3990 | -8/Materials | Core integrity fell below 50% 4019 | -8/Materials | Entered Factory 4019 | -7/Factory | Evolved 2 slots: Power x1, Propulsion x1 4021 | -7/Factory | FarCom data flow suspended 4038 | -7/Factory | Lost 3 parts (1n1u1w) 4152 | -7/Factory | Garrison activated, responded to threat 4196 | -7/Factory | Core integrity fell below 50% 4208 | -7/Factory | Core integrity fell below 20% 4211 | -7/Factory | Destroyed by H-55 Commando with Assault Rifle Last Messages --------------- 04173_ Acquired Imp. EM Pulse Cannon. 04173_ Penetrated by Slug. 04176_ Slug penetrates Door. 04176_ P-60 Hacker resets H-55 Commando, system corruption cleaned. 04190_ Imp. EM Pulse Cannon destroyed. 04191_ Acquired Gauss Cannon. 04192_ Slug penetrates Fusion Modulator. 04192_ P-60 Hacker destroyed. 04192_ Slug penetrates Wall. 04198_ S-27 Virus knocked back. 04198_ Slug penetrates Wall. 04199_ Slug penetrates Fusion Modulator. 04207_ Fusion Modulator explodes. 04207_ S-27 Virus destroyed. 04207_ Fusion Modulator explodes. 04207_ S-27 Virus destroyed. 04207_ H-55 Commando knocked back. 04208_ K-01 Serf collects debris. 04209_ Penetrated by Slug. Map ----- +----------------------------------------------------+ | ????????????? ??????????????????????????? | | ????????????? ??????????????????????????? | | ?????????????? ??????????????????????????? | | ??????????????# """"??????????????????????????? | | ??????????????# """""?????????????????????????? | | ??????????????# """""?????????????????????????? | | ??????????????# """""???#?????????????????????? | | ??????????????# """""?? #?????????????????????? | | ??????????????# ^ """""" #?????????????????????? | | ??????????????# """""" ####??????????????????? | | ????########### """""" #??????????????????? | | ????# # """""" #??????????????????? | | ????# # ^ #??????????????????? | | ????# # #??????????????????? | | ????# # #??????????????????? | | ????# + % #??????????????????? | | ????# # #??????????????????? | | ????# # #??????????????????? | | ????# # k""" #??????????????????? | | ????####+###### """ #??????????????????? | | ???????# #????# F" #?????? ??????????? | | ???????# #????# "" #??? ?????????? | | ####???# #????# ## ?????????? | | #???# #????# %! ;; ????????? | | #???# #????# = ### ;;;; ????????? | | #???# #???## #; @ ; ????????? | | ##### ##### ; %;##???????????????? | | ; ;; ???????????? | | ########### h ; *;; ?????????? | | #????????+ ;# ?????????? | | #????????## ; h ;#?? ??????????? | | #?????????# ; ;#???? ??????????? | | #?????????# ; ##????????????????? | | +?????????### ##;;;;;;;;;##?????????????????? | | #???????????# # """ ;# ##??????????????????? | | #???????????# # """ ## #???????????????????? | | #???????????# # """ #? ???????????????????? | | #???????????# # ??? +? ???????????????????? | | #???????????# # ??? #?? ??????????????????? | | ??????????? # ???? #??#???????????????????? | | #??????????? ?????? ???????????????????????? | | #?????????? ??????????????????????????????? | | ??????????? ??????????????????????????????? | | ?????????????? ??????????????????????????????? | | ???????????????? ??????????????????????????????? | | ?????????????????????????????????????????????????? | | ?????????????????????????????????????????????????? | | ?????????????????????????????????????????????????? | | ?????????????????????????????????????????????????? | | ?????????????????????????????????????????????????? | +----------------------------------------------------+ Best States ------------- Heat Dissipation 34 Energy Generation 14 Energy Capacity 1950 Matter Stores 450 Matter Capacity 450 Sight Range 16 Robot Scan Range 14 Terrain Scan Density 10 Armor Coverage 150 Evasion (%) 65 Item Schematics ----------------- None Robot Schematics ------------------ None Fabricated ------------ Nothing Alien Tech Used ----------------- None Achievements -------------- It's Just You Librarian More Dakka Please Power Corrupts Serviceable Loadout Troublemaker Challenges ------------ None Game ------ Seed HeatKineticGravjet Manual? 0 Play Time 00:52:40 Cumulative 1.8 hours Start 2024.08.12 @ 23:01:23 End 2024.08.12 @ 23:57:31 Sessions 1 Manual Loads 0 Difficulty Rogue Special Mode None Game No. 8 Rogue 5 Adventurer 3 Explorer 0 Win Type - Total 0 Types 0/0/0/0/0/0/0/0/0 Lore% 8 Gallery% 6 Achievement% 8 Wizard Run 0 Options --------- Layout 1 ASCII 0 Keyboard 1 Movement Arrows Keybinds 0 Fullscreen 1 Font 28/Smallcaps Map View 50x43 Zoom Use 9% Tactical HUD 1 Map Filters NONE Filters NONE Steam 1 RUN: 6a41d37a-f15d-428c-b390-3fdb1f2f13b6